 Dungeon Crawl Stone Soup version 0.27.1-3-gb3d3a73c9e (webtiles) character file.

Game seed: 17265849048921671916

51 daveb22 the Skirmisher (level 3, 0/33 HPs)
             Began as a Hill Orc Fighter on Oct 27, 2021.
             Slain by a goblin (5 damage)
             ... led by Robin
             ... on level 2 of the Dungeon.
             The game lasted 00:08:50 (342 turns).

daveb22 the Skirmisher (Hill Orc Fighter)            Turns: 342, Time: 00:08:50

Health: 0/33       AC:  7    Str: 18 (19) XL:     3   Next: 83%
Magic:  3/3        EV:  7    Int:  5 (8)  God:
Gold:   13         SH:  9    Dex:  8 (10) Spells: 2/2 levels left

rFire    . . .     SeeInvis .   a - +0 war axe
rCold    . . .     Faith    .   c - +0 kite shield
rNeg     . . .     Spirit   .   b - +0 scale mail
rPois    .         Reflect  .   (no helmet)
rElec    .         Harm     .   (no cloak)
rCorr    .         Rampage  .   (no gloves)
Will     .....                  (no boots)
Stlth    ..........             (no amulet)
HPRegen  0.11/turn              (no ring)
MPRegen  0.08/turn              (no ring)

@: no status effects
A: no striking features
a: no special abilities


You were on level 2 of the Dungeon.
You visited 1 branch of the dungeon, and saw 2 of its levels.

You collected 13 gold pieces.

Inventory:

Hand Weapons
 a - a +0 war axe (weapon)
Armour
 b - a +0 scale mail (worn)
 c - a +0 kite shield (worn)
Scrolls
 e - a scroll of fog {unknown}


   Skills:
 + Level 4.2 Fighting
 + Level 3.4 Axes
 + Level 3.9 Armour
 + Level 0.2 Dodging
 + Level 3.7 Shields


You had 2 spell levels left.
You didn't know any spells.
Your spell library was empty.

Dungeon Overview and Level Annotations

Branches:
Dungeon (2/15)

Altars:

Annotations:
D:2 Robin


Message History

The goblin no longer looks unusually strong.
You block the goblin's attack. x2
Your scale mail prevents you from hitting the goblin.
Robin says, "My goblins will feast on your bones."
Robin throws the goblin at you! The goblin hits you with a +0 club. x2
You miss the goblin. You barely miss the goblin.
The goblin hits you but does no damage. You block the goblin's attack.
The goblin hits you but does no damage. The goblin completely misses you.
You closely miss the goblin. You barely miss the goblin.
Robin roars a battlecry!
The goblin goes into a battle-frenzy!
You block the goblin's attack. The goblin hits you with a +0 club.
* * * LOW HITPOINT WARNING * * *
Robin says, "My army is invincible!"
The goblin closely misses you.
It was a potion of degeneration.
There was something very wrong with that liquid.
You feel weakened.
You feel dopey.
You feel clumsy. The goblin hits you but does no damage.
The goblin hits you with a +0 club.
* * * LOW HITPOINT WARNING * * *
You slash the goblin!
You kill the goblin!
You hit the goblin.
You kill the goblin!
Robin roars a battlecry!
The goblin goes into a battle-frenzy!
The ball python bites you but does no damage.
You block the ball python's attack.
You completely miss the ball python.
The ball python bites you but does no damage.
You block the ball python's attack. Robin throws the goblin at you!
You closely miss the goblin. You closely miss the ball python.
The ball python bites you but does no damage.
The ball python grabs you. The ball python constricts you.
The goblin hits you but does no damage. You block the ball python's attack.
The ball python constricts you. You block the goblin's attack.
You closely miss the goblin. You slash the ball python!
You kill the ball python!
The goblin hits you with a +0 dagger.
You die...

. #..# .# ###..###.##
....#...g #...#.#.
#S...$. . .
#.#.#.###....
#...#####.#.#........
#..g@g.)..######..
#.####.#..### #.
#.#....## . #.
##.##....###... #.
#..)...........
#.###..###...###.##
#.))>.# ##.##
#....###.## #.# #####
.....##.####.#


You could see Robin and a goblin (strong).

Vanquished Creatures
  Jessica (D:2)
  3 bats
  2 endoplasms (D:1)
  11 goblins
  A hobgoblin (D:2)
  A kobold (D:1)
  3 ball pythons
  A frilled lizard (D:1)
  A rat (D:1)
24 creatures vanquished.

Notes
Turn   | Place    | Note
-------+----------+-------------------------------------------
     0 | D:1      | daveb22 the Hill Orc Fighter began the quest for the Orb.
     0 | D:1      | Reached XP level 1. HP: 19/19 MP: 1/1
   157 | D:1      | Reached XP level 2. HP: 24/27 MP: 2/2
   224 | D:1      | Reached skill level 4 in Fighting
   252 | D:2      | Noticed Jessica
   267 | D:2      | Killed Jessica
   268 | D:2      | Reached XP level 3. HP: 25/33 MP: 3/3
   321 | D:2      | Noticed Robin
   342 | D:2      | Slain by a goblin

Illustrated notes

Levels and vault maps discovered:
D:1:      dpeg_arrival_arbitrary_b, layout_basic, serial_glass, glass_columns_b,
          glass_columns_c
D:2:      layout_loops_ring, kennysheep_small_spiral, grunt_decor_clamped,
          cheibrodos_gnoll_hut, uniq_robin, uniq_jessica

Skill      XL: |  1  2 |
---------------+-------+-----
Fighting       | 4 |  4.2
Axes           | 3 |  3.4
Armour         | |  3.9
Dodging        | |  0.2
Shields        | |  3.7

Action                   || total
-------------------------++-------
Melee: War axe           ||    66
  Use: Potion            ||     2
Armor: Scale mail        ||    38
Dodge: Dodged            ||    34
Block: Kite shield       ||    45
